 Dungeon Crawl Stone Soup version 0.30-a0-778-g2ef04afb54 (webtiles) character file.

Game seed: 10059726707629019381

84945 Zonian the Fighter (level 15, -4/88 HPs)
             Began as a Vine Stalker Brigand on Feb 17, 2023.
             Was the Champion of Uskayaw.
             Slain by an orc warrior
             ... wielding a +0 halberd
              (11 damage)
             ... on level 2 of the Orcish Mines.
             The game lasted 00:55:53 (19314 turns).

Zonian the Fighter (Vine Stalker Brigand)          Turns: 19314, Time: 00:55:53

Health: -4/88      AC: 20    Str: 14    XL:     15   Next: 82%
Magic:  0/25       EV: 14    Int: 16    God:    Uskayaw [******]
Gold:   244        SH:  9    Dex: 23    Spells: 14/14 levels left

rFire   . . .      SeeInvis .    G - +7 captain's cutlass {speed, disarm}
rCold   x . .      Faith    .    X - +3 buckler "Cuikopio" {rC- Will+ Int+5 Stlth+}
rNeg    . . .      Spirit   +    J - +1 scale mail of Submission {Rampage}
rPois   .          Reflect  .    I - +1 helmet
rElec   .          Harm     .    c - +0 cloak
rCorr   .          Rampage  +    y - +1 pair of gloves
Will    ++...                    q - +1 pair of boots
Stlth   +++++                    t - amulet of the acrobat
HPRegen 1.14/turn                s - +4 ring of protection
MPRegen 0.19/turn                C - +4 ring of slaying

@: about to teleport, studying Polearms
A: fangs 3, regeneration 1, magic shield, antimagic bite, no potion heal 2
a: Renounce Religion, Stomp, Line Pass, Grand Finale


You were on level 2 of the Orcish Mines.
You worshipped Uskayaw.
Uskayaw was pleased with you.
You visited 3 branches of the dungeon, and saw 22 of its levels.

You collected 2217 gold pieces.
You spent 1973 gold pieces at shops.

Inventory:

Hand Weapons
 g - a +2 dagger of draining
 j - a +1 dagger of speed
 B - a +3 dagger of flaming
 G - the +7 captain's cutlass (weapon) {speed, disarm}
   (You bought it in a shop on level 1 of the Orcish Mines)
 N - a +6 dagger of venom
 S - a +1 sling of draining
Missiles
 d - 29 poisoned darts (quivered)
 e - 2 curare-tipped darts
 m - 6 silver boomerangs
 A - a throwing net
Armour
 c - a +0 cloak (worn)
 h - a +2 ring mail of fire resistance
 q - a +1 pair of boots (worn)
 y - a +1 pair of gloves (worn)
 I - a +1 helmet (worn)
 J - the +1 scale mail of Submission (worn) {Rampage}
   (You found it on level 13 of the Dungeon)

   Rampage:   It bestows one free step when moving towards enemies.
 O - +1 acid dragon scales
 U - a +2 kite shield
 W - a +1 troll leather armour
 X - the +3 buckler "Cuikopio" (worn) {rC- Will+ Int+5 Stlth+}
   (You bought it in a shop on level 11 of the Dungeon)

   Int:       It affects your intelligence (+5).
   rC:        It makes you vulnerable to cold.
   Will:      It increases your willpower.
   Stlth:     It makes you more stealthy.
Jewellery
 o - the ring of Reimbursement {Fire rElec Will- Int+4 Dex+3}
   (You found it on level 1 of the Orcish Mines)

   [ring of fire]

   It enhances your fire magic.
   Int:       It affects your intelligence (+4).
   Dex:       It affects your dexterity (+3).
   rF:        It protects you from fire.
   rC:        It makes you vulnerable to cold.
   rElec:     It insulates you from electricity.
   Will:      It decreases your willpower.
 s - a +4 ring of protection (left hand)
 t - an amulet of the acrobat (around neck)
 C - a +4 ring of slaying (right hand)
 E - a ring of flight
 H - an amulet of reflection
 T - a ring of protection from fire
 Y - a ring of resist corrosion
 Z - a +6 ring of dexterity
Wands
 b - a wand of digging (12)
 u - a wand of polymorph (25)
 D - a wand of charming (13)
 F - a wand of flame (36)
 R - a wand of acid (3)
 V - a wand of iceblast (6)
Scrolls
 f - 4 scrolls of butterflies
 l - 8 scrolls of teleportation
 x - 3 scrolls of fog
 K - a scroll of magic mapping
 Q - a scroll of amnesia
Potions
 a - 2 potions of brilliance
 i - 5 potions of might
 k - 3 potions of haste
 p - 3 potions of cancellation
 r - 2 potions of magic
 v - 3 potions of ambrosia
 w - 10 potions of curing
 z - 4 potions of flight
 L - a potion of lignification
 M - 2 potions of attraction
 P - a potion of resistance
Miscellaneous
 n - a box of beasts


   Skills:
 + Level 14.8 Fighting
 + Level 10.2 Short Blades
 - Level 3.0 Throwing
 - Level 5.0 Armour
 - Level 7.9 Dodging
 - Level 13.0 Stealth
 - Level 4.0 Shields
 - Level 12.2 Invocations
 - Level 5.0 Evocations


You had 14 spell levels left.
You didn't know any spells.
Your spell library contained the following spells:

 Spells                   Type           Power      Damage    Failure   Level
 Freeze                   Ice            0%         1d3       77%         1
 Summon Small Mammal      Summ           0%         N/A       77%         1
 Blink                    Tloc           0%         N/A       88%         2
 Ensorcelled Hibernation  Hex/Ice        0%         N/A       88%         2
 Passwall                 Tmut/Erth      0%         N/A       88%         2
 Scorch                   Fire           0%         2d5       88%         2
 Call Canine Familiar     Summ           0%         N/A       98%         3
 Ignite Poison            Fire/Tmut/Pois 0%         N/A       98%         3
 Spider Form              Tmut/Pois      0%         N/A       98%         3
 Summon Guardian Golem    Hex/Summ       0%         N/A       98%         3
 Swiftness                Air            0%         N/A       98%         3
 Anguish                  Hex/Necr       0%         N/A       100%        4
 Cause Fear               Hex            0%         N/A       100%        4
 Flame Wave               Conj/Fire      0%         2d4       100%        4
 Manifold Assault         Tloc           0%         N/A       100%        4
 Sticky Flame             Conj/Fire      0%         2d3       100%        4
 Freezing Cloud           Conj/Ice/Air   0%         6-21      100%        5
 Summon Cactus Giant      Summ           0%         N/A       100%        6
 Dragon Form              Tmut           0%         N/A       100%        7
 Storm Form               Tmut/Air       0%         N/A       100%        7
 Ignition                 Fire           0%         3d3       100%        8
 Dragon's Call            Summ           0%         N/A       100%        9
 Polar Vortex             Ice            0%         N/A       100%        9


Dungeon Overview and Level Annotations

Branches:
Dungeon (15/15)            Temple (0/1) D:6            Lair (5/5) D:10
  Swamp (0/4) Lair:2       Spider (0/4) Lair:3        Slime (0/5) Lair:4
    Orc (2/2) D:12            Elf (0/3) Orc:2        Vaults (0/5) D:14
 Depths (0/4) D:15

Altars:
Ashenzari
Cheibriados
Dithmenos
Fedhas
Nemelex Xobeh
Okawaru
Ru
Trog
Uskayaw
Wu Jian
Yredelemnul
Zin
The Shining One
Jiyva

Shops:
D:8 *   D:11 *   Orc:1 (   Orc:2 !:

Annotations:
D:3 1 runed translucent door, Crazy Yiuf
D:8 2 transporters, indyram44's ghost, novice DsFi
D:14 1 transporter


Innate Abilities, Weirdness & Mutations

You have razor-sharp teeth.
Your natural rate of healing is unusually fast.
When hurt, damage is shared between your health and your magic reserves.
Your bite disrupts and absorbs the magic of your enemies.
Potions cannot restore your health.


Message History

The orc warrior completely misses you.
You closely miss the orc high priest. Your bite misses the orc high priest.
The orc high priest is heavily wounded.
You hit the orc high priest. Your bite misses the orc high priest.
The orc high priest is heavily wounded.
The orc high priest prays to Beogh.
The orc warrior hits you from afar with a +0 halberd.
An orc warrior comes into view. It is wielding a +0 dire flail.
You puncture the orc high priest!
The orc high priest is severely wounded.
The soul eater draws from the surrounding life force!
You puncture the orc high priest!
The orc high priest is almost dead.
You closely miss the orc high priest. You bite the orc high priest.
You drain its power.
You feel invigorated.
The orc high priest is almost dead.
The orc knight hits you with a +0 long sword!!
An orc warrior comes into view. It is wielding a +0 mace.
The orc high priest barely misses you. The orc knight closely misses you.
You block the orc knight's attack. The orc warrior completely misses you.
An orc warrior comes into view. It is wielding a +0 war axe.
The soul eater draws from the surrounding life force!
You closely miss the orc high priest.
The orc high priest is almost dead.
You puncture the orc high priest!
You kill the orc high priest!
The soul eater disappears in a puff of smoke!
Okay, then.
Okay, then.
Okay, then.
Okay, then.
As you read the scroll of teleportation, it crumbles to dust.
You feel strangely unstable. You block the orc knight's attack.
The orc knight hits you from afar with a +0 bardiche!!
* * * LOW HITPOINT WARNING * * *
An orc priest comes into view. It is wielding a +0 dagger.
The orc warrior hits you from afar with a +0 halberd!!
* * * LOW HITPOINT WARNING * * *
The orc warrior hits you from afar with a +0 halberd!
You die...

.## ## .# ####### .#
###.....###
#####.........###
###.............##
##...)...........# #
.#.#)#.#.#.#.#ยง#o#o#.#o#
...))..)))...)))@ooo..oo
.)[)[).))).....))#o#3.o.
.))))).[)....)..)o......
.#)#.#.#.#.#.#.#.#.#.#.
##...............### ..
##.............## ..
###.........### .
###.....### #######


You could see 3 orc knights, a soul eater (summoned), an orc high priest
(strong), 5 orc warriors and 2 orc priests.

Vanquished Creatures
  Kirke (D:14)
  A fire dragon (D:15)
  The ghost of Vuvadabb the Severer, a journeyman HOMo of Beogh (Orc:1)
  An ice dragon (D:15)
  7 hydras
  2 catoblepae
  An ogre mage (D:14)
  3 centaur warriors
  3 boulder beetles
  4 two-headed ogres
  A tengu warrior (D:13)
  11 death yaks
  2 orc high priests (Orc:2)
  Nergalle (Lair:2)
  A skeletal warrior (D:14)
  An orb spider (Lair:3)
  A wizard (D:14)
  A wolf spider (Lair:5)
  2 deep elf pyromancers
  4 orc knights
  A manticore (D:14)
  4 cyclopes
  23 ugly things
  Joseph (D:10)
  7 black mambas
  Maurice (Orc:1)
  A guardian serpent (Lair:5)
  12 elephants
  Maggie (D:9)
  2 gargoyles
  2 rime drakes
  4 centaur skeletons (D:14)
  An unseen horror zombie (D:7)
  17 cane toads
  An unseen horror (D:12)
  An efreet (D:13)
  A freezing wraith (D:15)
  4 yaktaurs (D:14)
  2 komodo dragons
  3 tengu conjurers
  8 trolls
  2 burning bushes (Lair:4)
  A meliai (shapeshifter) (D:13)
  4 hornets
  14 blink frogs
  A vampire (D:11)
  8 slime creatures
  Sigmund (D:5)
  4 water elementals (D:15)
  29 yaks
  4 wraiths
  15 wyverns
  Grum (D:9)
  3 steam dragons
  4 basilisks
  A redback (Lair:5)
  2 vampire mosquitoes (D:9)
  3 wargs (Orc:2)
  A swamp worm (Lair:2)
  2 acid dragons
  Duvessa (D:5)
  16 water moccasins
  2 ice beasts
  A sky beast (D:7)
  A hornet zombie (D:7)
  22 orc warriors
  A centaur (shapeshifter) (D:15)
  14 wolves
  8 ogres
  18 centaurs
  4 phantoms
  14 bullfrogs
  2 kobold brigands (D:7)
  A necrophage (D:6)
  A wyvern zombie (D:7)
  A scorpion (D:4)
  A water moccasin zombie (D:7)
  9 wights (D:9)
  Dowan (D:5)
  6 killer bees (D:9)
  2 electric eels (D:15)
  4 howler monkeys
  A bullfrog zombie (D:7)
  A centaur zombie (D:7)
  3 hounds
  21 orc priests
  A jelly (D:4)
  4 iguanas
  13 orc wizards
  A killer bee zombie (D:7)
  Robin (D:4)
  8 gnolls
  9 adders
  2 shadow imps
  15 white imps
  An ufetubus (D:7)
  2 dart slugs
  74 orcs
  5 bats
  6 endoplasms
  4 giant cockroaches
  15 goblins
  10 hobgoblins
  4 jackals (D:3)
  12 kobolds
  7 quokkas
  11 ball pythons
  4 frilled lizards
  3 rats
614 creatures vanquished.

Vanquished Creatures (others)
  A ghoul (D:1)
  A draconian (D:1)
  A gargoyle (D:1)
  A vine stalker (D:1)
  A spriggan (D:1)
  A vampire (D:1)
  2 formicids (D:1)
  2 ogres (D:1)
  A dwarf (D:1)
  A felid (D:1)
  A gnoll (D:1)
  2 kobolds (D:1)
  30 fungi
  62 plants
  5 tentacles (D:1)
112 creatures vanquished.

Grand Total: 726 creatures vanquished

Notes
Turn   | Place    | Note
-------+----------+-------------------------------------------
     0 | D:1      | Zonian the Vine Stalker Brigand began the quest for the
                  | Orb.
     0 | D:1      | Reached XP level 1. HP: 11/11 MP: 2/2
     2 | D:1      | Noticed a formicid
     2 | D:1      | Noticed a vine stalker
     2 | D:1      | Noticed a spriggan
     2 | D:1      | Noticed a ghoul
     2 | D:1      | Noticed an ogre
     2 | D:1      | Noticed a vampire
     2 | D:1      | Noticed a kraken
     2 | D:1      | Noticed a formicid
     2 | D:1      | Noticed an ogre
     2 | D:1      | Noticed a dwarf
     2 | D:1      | Noticed a draconian
     2 | D:1      | Noticed a gargoyle
     2 | D:1      | Noticed a felid
     3 | D:1      | Killed a formicid
     5 | D:1      | Killed a dwarf
     8 | D:1      | Killed a vine stalker
    10 | D:1      | Killed a spriggan
    10 | D:1      | Killed a formicid
    11 | D:1      | Killed a draconian
    11 | D:1      | Killed an ogre
    12 | D:1      | Killed a ghoul
    12 | D:1      | Killed an ogre
    13 | D:1      | Killed a felid
    13 | D:1      | Killed a gargoyle
    15 | D:1      | Killed a vampire
   151 | D:1      | Reached skill level 1 in Dodging
   151 | D:1      | Reached XP level 2. HP: 15/15 MP: 3/3
   159 | D:1      | Reached skill level 5 in Stealth
   241 | D:1      | Reached skill level 2 in Fighting
   378 | D:1      | Found a faded altar of an unknown god.
   531 | D:2      | Reached XP level 3. HP: 3/18 MP: 2/4
   773 | D:2      | Gained mutation: Your natural rate of healing is unusually
                  | fast. [Vine Stalker growth]
   773 | D:2      | Reached XP level 4. HP: 4/23 MP: 5/5
  1603 | D:3      | Found a shadowy altar of Dithmenos.
  1641 | D:3      | Found a runed translucent door.
  1642 | D:3      | Noticed Crazy Yiuf
  2074 | D:3      | Reached XP level 5. HP: 23/27 MP: 6/6
  2422 | D:4      | Noticed Robin
  2676 | D:4      | Noticed a phantom
  2714 | D:4      | Killed a phantom
  2941 | D:4      | Reached XP level 6. HP: 30/32 MP: 5/7
  2973 | D:4      | Reached skill level 3 in Fighting
  2990 | D:4      | Killed Robin
  3692 | D:5      | Entered Level 5 of the Dungeon
  3692 | D:5      | Found a blossoming altar of Fedhas.
  3711 | D:5      | Noticed Dowan
  3717 | D:5      | Reached XP level 7. HP: 35/36 MP: 6/8
  3723 | D:5      | Noticed Duvessa
  3930 | D:5      | Killed Duvessa
  3939 | D:5      | Killed Dowan
  4021 | D:5      | Found a bloodstained altar of Trog.
  4028 | D:5      | Found a broken altar of Ashenzari.
  4133 | D:5      | Found a hide-covered altar of Uskayaw.
  4144 | D:5      | Became a worshipper of Uskayaw the Reveller
  4195 | D:5      | Reached * piety under Uskayaw
  4198 | D:5      | Reached skill level 4 in Fighting
  4203 | D:5      | Reached ** piety under Uskayaw
  4208 | D:5      | Reached *** piety under Uskayaw
  4210 | D:5      | Gained mutation: You have razor-sharp teeth. [Vine Stalker
                  | growth]
  4210 | D:5      | Reached XP level 8. HP: 42/42 MP: 9/9
  4297 | D:5      | Noticed Sigmund
  4309 | D:5      | Killed Sigmund
  4431 | D:5      | Found a snail-covered altar of Cheibriados.
  4482 | D:6      | Reached **** piety under Uskayaw
  4513 | D:6      | Reached ***** piety under Uskayaw
  4856 | D:6      | Found a staircase to the Ecumenical Temple.
  4932 | D:6      | Reached skill level 5 in Short Blades
  5208 | D:7      | Reached skill level 5 in Fighting
  5242 | D:7      | Found a sacrificial altar of Ru.
  5254 | D:7      | Reached skill level 1 in Invocations
  5254 | D:7      | Reached XP level 9. HP: 47/47 MP: 10/10
  5270 | D:7      | Found an iron altar of Okawaru.
  5387 | D:7      | Found a basalt altar of Yredelemnul.
  5485 | D:7      | Reached skill level 5 in Dodging
  6030 | D:8      | Found an ornate altar of the Wu Jian Council.
  6032 | D:8      | Reached skill level 6 in Fighting
  6099 | D:8      | Reached XP level 10. HP: 53/53 MP: 13/13
  6110 | D:8      | Found Ekeucei's Assorted Antiques.
  6140 | D:8      | Noticed indyram44's ghost (novice DsFi)
  6142 | D:8      | Found a transporter.
  6144 | D:8      | Found a transporter.
  6326 | D:8      | Reached skill level 10 in Stealth
  6679 | D:9      | Noticed a two-headed ogre
  6686 | D:9      | Killed a two-headed ogre
  6707 | D:9      | Found Zin's Purification Station.
  6715 | D:9      | Found a glowing silver altar of Zin.
  6725 | D:9      | Noticed Grum
  6729 | D:9      | Reached ****** piety under Uskayaw
  6759 | D:9      | Noticed Maggie
  6777 | D:9      | Killed Maggie
  6929 | D:9      | Reached skill level 5 in Invocations
  7002 | D:9      | Reached skill level 7 in Fighting
  7153 | D:9      | Killed Grum
  7252 | D:9      | Found a sparkling altar of Nemelex Xobeh.
  7315 | D:9      | Reached XP level 11. HP: 54/58 MP: 13/16
  7606 | D:9      | Noticed a two-headed ogre
  7613 | D:9      | Killed a two-headed ogre
  7666 | D:10     | Entered Level 10 of the Dungeon
  7669 | D:10     | Found a staircase to the Lair.
  8166 | D:10     | Found a glowing golden altar of the Shining One.
  8679 | D:10     | Noticed Joseph
  8693 | D:10     | Killed Joseph
  8792 | Lair:1   | Entered Level 1 of the Lair of Beasts
  9207 | Lair:1   | Reached skill level 8 in Fighting
  9741 | Lair:2   | Reached XP level 12. HP: 65/65 MP: 18/18
  9980 | Lair:2   | Noticed a death yak
  9981 | Lair:2   | Noticed a death yak
  9981 | Lair:2   | Noticed a death yak
  9981 | Lair:2   | Noticed a death yak
  9993 | Lair:2   | Noticed a death yak
  9994 | Lair:2   | Noticed a death yak
  9996 | Lair:2   | Killed a death yak
  9999 | Lair:2   | Killed a death yak
  9999 | Lair:2   | Killed a death yak
 10000 | Lair:2   | Killed a death yak
 10001 | Lair:2   | Killed a death yak
 10006 | Lair:2   | Killed a death yak
 10112 | Lair:2   | Noticed Nergalle
 10123 | Lair:2   | Killed Nergalle
 10300 | Lair:2   | Reached skill level 9 in Fighting
 10390 | Lair:2   | Noticed a four-headed hydra
 10398 | Lair:2   | Killed a four-headed hydra
 10407 | Lair:2   | Noticed an eight-headed hydra
 10425 | Lair:2   | Found a staircase to the Swamp.
 10439 | Lair:2   | Killed an eight-headed hydra
 10849 | Lair:3   | Reached XP level 13. HP: 72/72 MP: 20/20
 10891 | Lair:3   | Reached skill level 10 in Fighting
 10891 | Lair:3   | Reached skill level 10 in Short Blades
 11223 | Lair:3   | Found a hole to the Spider Nest.
 11238 | Lair:3   | Reached skill level 11 in Fighting
 12167 | Lair:4   | Reached skill level 12 in Fighting
 12168 | Lair:4   | Found a viscous altar of Jiyva.
 12169 | Lair:4   | Found a staircase to the Slime Pits.
 12374 | Lair:4   | Reached skill level 1 in Armour
 13048 | Lair:5   | Entered Level 5 of the Lair of Beasts
 13463 | Lair:5   | Reached XP level 14. HP: 80/81 MP: 16/21
 13732 | Lair:5   | Reached skill level 13 in Fighting
 13878 | Lair:5   | Paralysed by a hornet for 3 turns
 13900 | Lair:5   | Got the Incunabulum of Arctic Calefaction
 14546 | D:11     | Reached skill level 10 in Invocations
 14754 | D:11     | Found Koomnog's Assorted Antiques.
 14763 | D:11     | Bought a wand of digging (2) for 159 gold pieces
 14763 | D:11     | Bought a faintly glowing buckler for 180 gold pieces
 14763 | D:11     | Identified the +3 buckler "Cuikopio" {rC- Will+ Int+5
                  | Stlth+} (You bought it in a shop on level 11 of the
                  | Dungeon)
 14763 | D:11     | Bought a scroll of enchant weapon for 142 gold pieces
 15023 | D:12     | Found a staircase to the Orcish Mines.
 15149 | D:12     | Reached skill level 5 in Armour
 15292 | D:12     | Reached skill level 1 in Evocations
 15438 | D:13     | Reached skill level 1 in Shields
 15473 | D:13     | Identified the +1 scale mail of Submission {Rampage}
 15582 | D:13     | Found a frozen archway.
 15917 | D:14     | Found a gate to the Vaults.
 16010 | D:14     | Reached XP level 15. HP: 53/87 MP: 24/24
 16010 | D:14     | Found a transporter.
 16056 | D:14     | Noticed Kirke
 16462 | D:14     | Reached skill level 14 in Fighting
 16505 | D:14     | Found a transporter.
 16726 | D:14     | Killed Kirke
 17142 | D:14     | Noticed a sphinx
 17143 | D:14     | Noticed a tengu reaver
 17209 | D:15     | Entered Level 15 of the Dungeon
 17934 | D:15     | Reached skill level 5 in Evocations
 18377 | D:15     | Found a staircase to the Depths.
 18649 | Orc:1    | Entered Level 1 of the Orcish Mines
 18649 | Orc:1    | Noticed Maurice
 18694 | Orc:1    | Killed Maurice
 18832 | Orc:1    | Found a runed translucent gate.
 18832 | Orc:1    | Found a runed translucent gate.
 18832 | Orc:1    | Found a runed translucent gate.
 18833 | Orc:1    | Noticed Vuvadabb's ghost (journeyman HOMo)
 18841 | Orc:1    | Killed Vuvadabb's ghost
 18844 | Orc:1    | Identified the ring of Reimbursement {Fire rElec Will-
                  | Int+4 Dex+3}
 18864 | Orc:1    | Found Ukhi's Antique Weapon Shop.
 18959 | Orc:2    | Entered Level 2 of the Orcish Mines
 19006 | Orc:2    | Found Dujasch's Book Boutique.
 19060 | Orc:2    | Found a staircase to the Elven Halls.
 19078 | Orc:2    | Found Yduxzis's Distillery.
 19128 | Orc:1    | Bought the +7 captain's cutlass {speed, disarm} for 1404
                  | gold pieces
 19128 | Orc:1    | Found the +7 captain's cutlass {speed, disarm}
 19208 | Orc:2    | Bought a potion of magic for 88 gold pieces
 19314 | Orc:2    | Slain by an orc warrior

Illustrated notes

Levels and vault maps discovered:
D:1:      nicolae_arrival_kraken_aquarium_b, layout_rooms,
          hellmonk_ecumenical_altar_lost_god
D:2:      minmay_evil_eye, layout_rooms
D:3:      layout_basic, grunt_dithmenos_smoke_and_mirrors,
          uniq_crazy_yiuf_cottage
D:4:      layout_cave_pools, uniq_robin
D:5:      layout_rooms, mainiacjoe_overflow_cross_hatched,
          mainiacjoe_overflow_small_starburst, lemuel_tele_altar,
          nicolae_ashenzari_skybound, nicolae_overflow_crystal_walls,
          uniq_sigmund, uniq_duvessa
D:6:      layout_cave_pools, temple_doors_e
D:7:      layout_basic, hellmonk_okawaru_the_only_friend_you_need,
          nicolae_yredelemnul_corpse_copse, mainiacjoe_overflow_six_doors_small,
          minmay_manual_mares
D:8:      layout_loops_ring, pdpol_wu_jian_five_deadly_venoms, serial_shops,
          kennysheep_mini_moat, gammafunk_ghost_smash
D:9:      layout_grid_maze, nemelex_diamond_rough_becter, zin_purify, uniq_grum,
          uniq_maggie
D:10:     layout_rooms, amcnicky_altar_gilded, hellmonk_lair_entry_icy,
          small_statue_alley_a, uniq_joseph
D:11:     layout_loops_ring, serial_shops, shop_statue
D:12:     layout_rooms, orc_0_dummy
D:13:     layout_roguey, portal_ice_cave_entry_imps
D:14:     gammafunk_dig_for_victory, layout_stronghold,
          hangedman_vaults_entry_quadrant_bands, serial_co_window_serial,
          co_window_paths_a, co_window_paths_b, co_window_paths_b,
          co_window_paths_b, co_window_corner_a, co_window_corner_b,
          co_window_of_opportunity_b, co_window_cross_3, co_window_2corner,
          co_window_broadway_b, glass_columns_b, glass_columns_c,
          glass_columns_b, glass_columns_a, glass_columns_c,
          minmay_misc_feat_chi, uniq_kirke
D:15:     grunt_enter_depths_hoard, layout_basic
Lair:1:   layout_loops_ring, grunt_megastairs_3
Lair:2:   layout_cave_pods, palyth_hydra_swamp_entry, serial_bayou_shore_b,
          lemuel_fruit_tree, uniq_nergalle
Lair:3:   layout_cave_pods, nicolae_spider_entry_orb_guardian,
          grunt_megastairs_2
Lair:4:   layout_cave_pods, slime_entry_1, evilmike_ambush
          [evilmike_ambush_outer_pillars, evilmike_ambush_inner_basic],
          grunt_megastairs_5
Lair:5:   hangedman_lair_tendril_chambers, layout_regular_city,
          chequers_serial_rivers_small_b
Orc:1:    layout_diamond_mine, basic_altar, serial_shops,
          nicolae_shop_overgrown_old_shop, ebering_ghost_rock_garden,
          uniq_maurice
Orc:2:    st_orc_pillars, layout_caves, serial_shops, shop, nicolae_shop_stone

Skill      XL: |  1  2  3  4  5  6  7  8  9 10 11 12 13 14 15 |
---------------+----------------------------------------------+-----
Dodging        | 1 2 3 4 5 6 7 |  7.9
Short Blades   | 2 3 4 5 6 7 8 9 10 | 10.2
Stealth        | 5 6 7 8 9 11 12 13 | 13.0
Fighting       | 2 3 4 5 6 7 8 9 12 13 14 | 14.8
Throwing       | 2 3 |  3.0
Invocations    | 1 3 5 6 8 9 10 12 | 12.2
Armour         | 3 5 |  5.0
Evocations     | 3 5 |  5.0
Shields        | 3 4 |  4.0

Action                     |  1- 3 |  4- 6 |  7- 9 | 10-12 | 13-15 || total
---------------------------+-------+-------+-------+-------+-------++-------
  Melee: Dagger            |    91 |   273 |   267 |   368 |   783 ||  1782
         Bite              |    23 |    78 |    92 |   135 |   352 ||   680
         Punch             |     1 |     3 |     6 |     6 |     7 ||    23
         Cutlass           |       |       |       |       |    68 ||    68
  Throw: Dart              |       |       |    15 |       |    17 ||    32
         Boomerang         |       |       |     2 |       |       ||     2
 Invoke: Stomp             |       |       |       |       |     1 ||     1
         Grand Finale      |       |       |       |       |     1 ||     1
         Line Pass         |       |       |       |       |     1 ||     1
  Evoke: Wand              |       |       |       |     3 |     4 ||     7
    Use: Scroll            |       |    10 |     4 |    16 |    11 ||    41
         Potion            |       |       |       |       |     4 ||     4
   Stab: Sleeping          |     5 |    12 |     9 |    14 |    63 ||   103
         Distracted        |     1 |       |       |     1 |     8 ||    10
         Paralysed         |       |       |    12 |    33 |    78 ||   123
         Petrified         |       |       |       |       |     1 ||     1
         Invisible         |       |       |       |       |     1 ||     1
 Armour: Robe              |    30 |    54 |    66 |       |       ||   150
         Steam dragon scal |       |       |       |    55 |       ||    55
         Troll leather arm |       |       |       |    43 |    65 ||   108
         Ring mail         |       |       |       |       |    40 ||    40
         Skin              |       |       |       |       |     7 ||     7
         Scale mail        |       |       |       |       |    65 ||    65
  Dodge: Dodged            |    71 |   176 |   151 |   253 |   341 ||   992
  Block: Buckler           |       |       |       |       |   102 ||   102

Table legend: (Time is in decaauts)
 A = Elapsed time spent in this place.
 B = Non-inter-level travel time spent in this place.
 C = Inter-level travel time spent in this place.
 D = Time resting spent in this place.
 E = Time spent auto-exploring this place.
 F = Levels seen in this place.
 G = Mean time per level.
                   A        B        C        D        E       F      G
               +--------+--------+--------+--------+--------+-----+--------+
         Total |  18645 |  17172 |   1473 |   2430 |  10383 |  22 |  847.5 |
       Dungeon |  12882 |  11910 |    972 |   2074 |   7001 |  15 |  858.8 |
          Lair |   5168 |   4720 |    448 |    356 |   3065 |   5 | 1033.6 |
  Orcish Mines |    593 |    540 |     53 |      0 |    316 |   2 |  296.5 |
               +--------+--------+--------+--------+--------+-----+--------+

Top non-repeatable levels by time:
     D:3: 1800 daAuts
     D:9: 1326 daAuts
    D:15: 1324 daAuts
    D:14: 1270 daAuts
  Lair:5: 1196 daAuts
  Lair:2: 1186 daAuts
  Lair:3: 1055 daAuts
  Lair:4: 920 daAuts
  Lair:1: 809 daAuts
    D:10: 809 daAuts
     D:8: 787 daAuts
     D:4: 784 daAuts
     D:2: 748 daAuts
     D:6: 748 daAuts
     D:7: 715 daAuts
